 Dungeon Crawl Stone Soup version 0.27.0-1-g7a089689b8 (webtiles) character file.

Game seed: 8943051125488129650

10792 inmateoo the Cleaver (level 11, 0/97 HPs)
             Began as a Minotaur Fighter on Aug 10, 2021.
             Was the Champion of Okawaru.
             Slain by a polar bear (5 damage)
             ... in an ice cave.
             The game lasted 00:07:01 (8861 turns).

inmateoo the Cleaver (Minotaur Fighter)             Turns: 8861, Time: 00:07:01

Health: 0/97       AC: 17    Str: 24    XL:     11   Next: 40%
Magic:  13/13      EV: 11    Int:  5    God:    Okawaru [******]
Gold:   217        SH: 17    Dex: 10    Spells: 10/10 levels left

rFire    . . .     SeeInvis .   u - +5 broad axe "Foara" {vorpal, rN+}
rCold    + . .     Faith    .   k - +0 tower shield
rNeg     + . .     Spirit   .   q - +0 chain mail
rPois    .         Reflect  .   (helmet restricted)
rElec    .         Harm     .   r - +1 cloak
rCorr    .         Rampage  .   (no gloves)
Will     .....                  a - +2 pair of boots
Stlth    ..........             (no amulet)
HPRegen  0.26/turn              g - +4 ring of evasion
MPRegen  0.13/turn              j - ring of protection from cold

@: studying Armour
A: horns 2, retaliatory headbutt
a: Renounce Religion, Heroism, Finesse


You were in an ice cave.
You worshipped Okawaru.
Okawaru was exalted by your worship.
You visited 2 branches of the dungeon, and saw 12 of its levels.
You also visited: Sewer and Ice Cave.

You collected 507 gold pieces.
You spent 290 gold pieces at shops.

Inventory:

Hand Weapons
 e - a +3 war axe of flaming
 u - the +5 broad axe "Foara" (weapon) {vorpal, rN+}
   (You acquired it on level 6 of the Dungeon)

   It inflicts extra damage upon your enemies.
   rN:        It protects you from negative energy.
Armour
 a - a +2 pair of boots (worn)
 k - a +0 tower shield (worn)
 q - a +0 chain mail (worn)
 r - a +1 cloak (worn)
Jewellery
 g - a +4 ring of evasion (left hand)
 j - a ring of protection from cold (right hand)
 p - a +4 ring of evasion
 y - a ring of fire
Wands
 d - a wand of charming (5)
 h - a wand of polymorph (29)
 n - a wand of acid (8)
 B - a wand of iceblast (9)
Scrolls
 c - a scroll of summoning
 s - 2 scrolls of enchant armour
 v - 3 scrolls of blinking
 z - 3 scrolls of teleportation
 C - 2 scrolls of magic mapping
 E - a scroll of enchant weapon
 F - a scroll of fear
Potions
 b - 4 potions of flight
 f - a potion of lignification
 i - 3 potions of attraction
 l - a potion of mutation
 m - 5 potions of heal wounds
 o - 2 potions of curing
 t - 2 potions of haste
 w - a potion of experience {unknown}
 x - a potion of cancellation {unknown}
 D - a potion of invisibility {unknown}


   Skills:
 + Level 9.3 Fighting
 * Level 11.9 Axes
 + Level 10.3 Armour
 + Level 7.8 Dodging
 + Level 9.2 Shields
 + Level 5.2 Invocations


You had 10 spell levels left.
You didn't know any spells.
Your spell library contained the following spells:

 Spells                   Type           Power      Damage    Failure   Level
 Magic Dart               Conj           0%         1d3       100%        1
 Sting                    Tmut/Pois      0%         1d3       100%        1
 Corpse Rot               Necr/Air       N/A        N/A       100%        2
 Conjure Flame            Conj/Fire      0%         6-21      100%        3
 Ozocubu's Armour         Ice            0%         N/A       100%        3
 Dispel Undead            Necr           0%         3d6       100%        4
 Metabolic Englaciation   Hex/Ice        0%         N/A       100%        5
 Death Channel            Necr           0%         N/A       100%        6
 Simulacrum               Ice/Necr       0%         N/A       100%        6
 Storm Form               Tmut/Air       0%         N/A       100%        7


Dungeon Overview and Level Annotations

Branches:
Dungeon (12/15)            Temple (1/1) D:5             Orc (0/2) D:12
  Sewer (visited)           IceCv (1/1)
   Lair: D:8-11

Altars:
Ashenzari
Cheibriados
Dithmenos
Elyvilon
Fedhas
Gozag
Hepliaklqana
Kikubaaqudgha
Makhleb
Nemelex Xobeh
Okawaru
Qazlal
Ru
Sif Muna
Trog
Uskayaw
Vehumet
Wu Jian
Xom
Yredelemnul
Zin
The Shining One

Shops:
D:7 :   D:9 (   D:12 *

Annotations:
D:8 1 runed translucent door


Innate Abilities, Weirdness & Mutations

You have a pair of horns on your head.
You reflexively headbutt those who attack you in melee.


Message History

You hit the yak. You headbutt the yak.
The yak is moderately wounded.
The yak gores you!
You slash the yak! You headbutt the yak!
The yak is severely wounded.
You block the yak's attack. x2
You hit the yak but do no damage.
The yak is severely wounded.
The yak gores you but does no damage.
You barely miss the yak. Your headbutt misses the yak.
The yak is severely wounded.
You block the yak's attack.
You closely miss the yak. You headbutt the yak.
The yak is almost dead.
You block the yak's attack. The yak gores you but does no damage.
You slash the yak!
You kill the yak!
Okawaru accepts your kill.
You hit the polar bear. You headbutt the polar bear!
The polar bear is moderately wounded.
You block the polar bear's attack. x3
You slash the polar bear! Your headbutt misses the polar bear.
The polar bear is severely wounded.
You hear a bellow!
You block the polar bear's attack.
The polar bear claws you but does no damage.
You block the polar bear's attack. The polar bear barely misses you.
You block the polar bear's attack. The polar bear closely misses you.
You hear an angry growl. x2
You hit the polar bear.
The polar bear is severely wounded.
The polar bear goes berserk!
You slash the polar bear!
The polar bear is almost dead.
The polar bear bites you!!
* * * LOW HITPOINT WARNING * * *
You block the polar bear's attack. x2; The polar bear bites you!
* * * LOW HITPOINT WARNING * * *
The polar bear claws you.
You die...

######## ##....#.#
## ##..#..... ..
#..####..# .## ##.
#..###..## .Yh. ##h.
##...##..#
#...#YY####
##...##...##
#YhYY#..##
#...####...#
#.#@..#####.#[####..
##h##...##.#(## ##.
#######....## ##
###### #


You could see a polar bear (berserk).

Vanquished Creatures
  A boulder beetle (D:12)
  3 two-headed ogres
  Pikel (D:5)
  A cyclops (D:12)
  A manticore (D:12)
  An ice statue (IceCv)
  A gargoyle (D:12)
  A komodo dragon (D:12)
  2 trolls
  Sigmund (D:4)
  2 wraiths
  13 yaks
  A steam dragon (D:8)
  3 vampire mosquitoes (D:9)
  A water moccasin (D:7)
  Purgy (Sewer)
  Duvessa (D:5)
  A sky beast (D:8)
  An orc warrior (D:8)
  An ice beast (D:4)
  2 necrophages
  2 wolves (IceCv)
  2 centaurs (D:9)
  A phantom (D:6)
  2 kobold brigands
  4 bullfrogs
  2 gnoll sergeants
  A scorpion (D:5)
  Dowan (D:5)
  3 wights (D:7)
  3 howler monkeys (D:12)
  2 bullfrog zombies (D:6)
  2 centaur zombies (D:9)
  4 hounds
  3 jellies
  5 orc priests
  Crazy Yiuf (D:3)
  A centaur skeleton (D:6)
  An iron imp (D:8)
  3 orc wizards
  A killer bee zombie (D:8)
  2 hound skeletons (D:4)
  2 howler monkey zombies
  19 gnolls
  A howler monkey skeleton (D:6)
  2 adders
  A shadow imp (D:5)
  An adder skeleton (D:4)
  A worm (D:4)
  A dart slug (D:3)
  14 orcs
  3 bats
  6 endoplasms
  8 giant cockroaches
  3 goblins
  4 hobgoblins
  18 jackals
  10 kobolds
  4 quokkas
  9 ball pythons
  7 frilled lizards
  A kobold skeleton (D:8)
  10 rats
211 creatures vanquished.

Vanquished Creatures (others)
  4 fungi (D:3)
  A plant (D:3)
5 creatures vanquished.

Grand Total: 216 creatures vanquished

Notes
Turn   | Place    | Note
-------+----------+-------------------------------------------
     0 | D:1      | inmateoo the Minotaur Fighter began the quest for the Orb.
     0 | D:1      | Reached XP level 1. HP: 19/19 MP: 0/0
    29 | D:1      | Reached XP level 2. HP: 26/27 MP: 1/1
   226 | D:1      | Reached skill level 3 in Axes
   226 | D:1      | Reached skill level 1 in Dodging
   238 | D:1      | Reached XP level 3. HP: 29/33 MP: 2/2
  1492 | D:3      | Noticed a gnoll sergeant
  1500 | D:3      | Reached XP level 4. HP: 28/40 MP: 3/3
  1513 | D:3      | Killed a gnoll sergeant
  1514 | D:3      | Reached skill level 4 in Axes
  1844 | D:2      | Reached XP level 5. HP: 45/47 MP: 4/4
  1952 | D:3      | Found a faded altar of an unknown god.
  2045 | D:3      | Found a bloodstained altar of Trog.
  2385 | D:3      | Found a runed translucent door.
  2386 | D:3      | Noticed Crazy Yiuf
  2464 | D:3      | Killed Crazy Yiuf
  2645 | D:4      | Noticed Sigmund
  2661 | D:4      | Killed Sigmund
  2662 | D:4      | Reached skill level 5 in Fighting
  2662 | D:4      | Reached skill level 5 in Axes
  2662 | D:4      | Reached XP level 6. HP: 7/56 MP: 5/5
  3236 | D:4      | Reached skill level 5 in Armour
  3330 | D:4      | Reached skill level 5 in Shields
  3523 | D:4      | Noticed an ice beast
  3530 | D:4      | Killed an ice beast
  3531 | D:4      | Reached XP level 7. HP: 49/61 MP: 6/6
  3732 | D:5      | Entered Level 5 of the Dungeon
  3738 | D:5      | Found a sparkling altar of Nemelex Xobeh.
  3817 | D:5      | Found a staircase to the Ecumenical Temple.
  3826 | Temple   | Entered the Ecumenical Temple
  3879 | Temple   | Became a worshipper of Warmaster Okawaru
  3988 | D:5      | Noticed Pikel
  4006 | D:5      | Killed Pikel
  4006 | D:5      | Reached * piety under Okawaru
  4007 | D:5      | Reached skill level 6 in Axes
  4007 | D:5      | Reached XP level 8. HP: 40/70 MP: 7/7
  4178 | D:5      | Found a glowing drain.
  4182 | Sewer    | Entered a sewer
  4197 | Sewer    | Reached skill level 7 in Axes
  4259 | Sewer    | Noticed Purgy
  4268 | Sewer    | Killed Purgy
  4397 | D:5      | Reached ** piety under Okawaru
  4404 | D:5      | Identified a scroll of acquirement
  4404 | D:5      | Acquired a +2 war axe of flaming
  4459 | D:5      | Noticed Dowan
  4465 | D:5      | Killed Dowan
  4466 | D:5      | Noticed Duvessa
  4472 | D:5      | Killed Duvessa
  4820 | D:6      | Reached skill level 8 in Axes
  4841 | D:6      | Reached skill level 5 in Dodging
  4856 | D:6      | Got the Almanac of Transmutation and Confrontation
  4982 | D:6      | Reached *** piety under Okawaru
  5412 | D:6      | Reached XP level 9. HP: 78/78 MP: 8/8
  5415 | D:6      | Found an ancient bone altar of Kikubaaqudgha.
  5474 | D:6      | Found a glowing silver altar of Zin.
  5475 | D:6      | Found a broken altar of Ashenzari.
  5476 | D:6      | Found an ornate altar of the Wu Jian Council.
  5479 | D:6      | Acquired the +5 broad axe "Foara" {vorpal, rN+}
  5674 | D:7      | Reached skill level 1 in Invocations
  5687 | D:7      | Identified the +6 flail "Cofros" {freeze, rElec rPois Str+4
                  | Int-4}
  5823 | D:7      | Found Ruefut's Book Boutique.
  6244 | D:7      | Reached skill level 9 in Axes
  6254 | D:8      | Reached **** piety under Okawaru
  6532 | D:8      | Found a runed translucent door.
  6535 | D:8      | Found a basalt altar of Yredelemnul.
  6579 | D:8      | Noticed a two-headed ogre
  6585 | D:8      | Killed a two-headed ogre
  6840 | D:8      | Reached skill level 10 in Axes
  6840 | D:8      | Reached XP level 10. HP: 82/88 MP: 11/11
  6952 | D:8      | Reached ***** piety under Okawaru
  7125 | D:8      | Found a snail-covered altar of Cheibriados.
  7271 | D:9      | Found a shadowy altar of Dithmenos.
  7299 | D:9      | Acquired a manual of Armour
  7331 | D:9      | Found Adghab's Antique Weapon Shop.
  7337 | D:9      | Bought a steaming hand axe for 232 gold pieces
  7337 | D:9      | Identified the +5 hand axe "Bixelu" {vorpal, Fly MP+9 Str-2
                  | Int+6} (You bought it in a shop on level 9 of the Dungeon)
  7934 | D:10     | Entered Level 10 of the Dungeon
  8076 | D:10     | Noticed a two-headed ogre
  8088 | D:10     | Killed a two-headed ogre
  8139 | D:10     | You fall into a shaft and drop 2 floors!
  8140 | D:12     | Noticed a cyclops
  8146 | D:12     | Killed a cyclops
  8147 | D:12     | Reached skill level 11 in Axes
  8177 | D:12     | Noticed a two-headed ogre
  8180 | D:12     | Noticed a boulder beetle
  8183 | D:12     | Killed a two-headed ogre
  8183 | D:12     | Reached ****** piety under Okawaru
  8196 | D:12     | Killed a boulder beetle
  8197 | D:12     | Reached XP level 11. HP: 35/95 MP: 13/13
  8261 | D:12     | Found a frozen archway.
  8273 | D:12     | Found Cuir's General Store.
  8278 | D:12     | Received a gift from Okawaru
  8291 | D:12     | Bought a scroll of magic mapping for 45 gold pieces
  8291 | D:12     | Bought a scroll of noise for 13 gold pieces
  8305 | IceCv    | Entered an ice cave
  8517 | IceCv    | Reached skill level 10 in Armour
  8577 | IceCv    | Reached skill level 5 in Invocations
  8861 | IceCv    | Slain by a polar bear

Illustrated notes

Levels and vault maps discovered:
D:1:      dpeg_arrival_rhombus, layout_loops_ring
D:2:      layout_basic
D:3:      layout_basic, lightli_temple_of_fire,
          dreamdust_ecumenical_altar_grove, uniq_crazy_yiuf_cottage
D:4:      layout_basic, grunt_ministairs_14, uniq_sigmund
D:5:      layout_loops_ring, nemelex_spade_bored_becter,
          minmay_temple_entry_sparse_star, gup_sewer_entry_bowl,
          kennysheep_boxes, uniq_duvessa, uniq_pikel
D:6:      layout_basic, mainiacjoe_overflow_alcove_3
D:7:      layout_basic, serial_shops, shop
D:8:      layout_rooms, slow_altar_2, dk_yredelemnul_ordeal
D:9:      layout_loops_cross, nicolae_overflow_hidden_temple, serial_shops, shop
D:10:     layout_big_octagon, uniq_sonja, uniq_snorg
D:12:     layout_basic, minmay_orc_entry_guard_dogs, serial_shops, shop,
          portal_ice_cave_entry_pillars_1
Temple:   dshaligram_water_room_temple
IceCv:    ice_cave_caverns_03

Skill      XL: |  1  2  3  4  5  6  7  8  9 10 11 |
---------------+----------------------------------+-----
Axes           | 3 4 5 6 8 10 11 | 11.9
Dodging        | 1 2 3 4 5 6 7 |  7.8
Fighting       | 4 5 6 7 8 9 |  9.3
Shields        | 4 5 6 7 8 9 |  9.2
Armour         | 4 5 6 7 9 10 | 10.3
Invocations    | 2 4 5 |  5.2

Action                   |  1- 3 |  4- 6 |  7- 9 | 10-12 || total
-------------------------+-------+-------+-------+-------++-------
Melee: War axe           |   111 |   116 |   105 |       ||   332
       Headbutt          |    14 |    31 |    27 |    35 ||   107
       Broad axe         |       |       |    64 |   148 ||   212
Invok: Heroism           |       |       |       |     1 ||     1
Evoke: Wand              |       |       |       |     2 ||     2
  Use: Potion            |       |     1 |       |       ||     1
       Scroll            |       |       |    19 |     3 ||    22
Armor: Scale mail        |    56 |    10 |       |       ||    66
       Chain mail        |       |    20 |    41 |    45 ||   106
Dodge: Dodged            |    46 |    48 |    79 |    79 ||   252
Block: Kite shield       |    52 |       |       |       ||    52
       Tower shield      |    47 |   113 |   157 |   160 ||   477
